 Dungeon Crawl Stone Soup version 0.21.0-37-g46506fa (webtiles) character file.

43701 troglodite the Fighter (level 13, -1/109 HPs)
             Began as a Demonspawn Berserker on Jan 29, 2018.
             Was the Champion of Trog.
             Killed from afar by an electric eel (7 damage)
             ... with a bolt of electricity
             ... on level 3 of the Lair of Beasts on Jan 30, 2018.
             The game lasted 01:14:33 (17868 turns).

troglodite the Fighter (Demonspawn Berserker)      Turns: 17868, Time: 01:14:35

Health: -1/109     AC: 29    Str: 24    XL:     13   Next: 92%
Magic:  0/13       EV: 12    Int:  8    God:    Trog [******]
Gold:   281        SH:  0    Dex: 21    Spells: 12/12 levels left

rFire    + . .     SeeInvis .   w - +7 lajatang of Order {silver, rMut}
rCold    . . .     Gourm    .   (shield currently unavailable)
rNeg     . . .     Faith    +   B - +9 ring mail of Winter {Dex+3}
rPois    .         Spirit   +   N - +1 helmet
rElec    .         Reflect  .   (no cloak)
rCorr    .         Harm     .   J - +2 pair of gloves
rMut     +                      i - +2 pair of boots
MR       .....                  A - amulet of faith
Stlth    +.........             x - +6 ring of strength
HPRegen  0.28/turn              v - +2 ring of slaying
MPRegen  0.26/turn

@: no status effects
A: talons 1, thin metallic scales 2, fire resistance 1, ignite blood, magic
shield, magic regeneration, flame cloud immunity
a: Berserk, Trog's Hand, Brothers in Arms, Burn Spellbooks, Renounce Religion


You were on level 3 of the Lair of Beasts.
You worshipped Trog.
Trog was exalted by your worship.
You were not hungry.

You visited 3 branches of the dungeon, and saw 17 of its levels.
You also visited: Ossuary and Ice Cave.

You collected 1556 gold pieces.
You spent 1275 gold pieces at shops.

Inventory:

Hand Weapons
 a - a +0 falchion
 w - the +7 lajatang of Order (weapon) {silver, rMut}
   (Trog gifted it to you on level 1 of the Orcish Mines)

   It protects you from mutation.
 C - a +5 quarterstaff of draining
 R - the +5 rapier of the Harvest {pierce, MR+}
   (Trog gifted it to you on level 2 of the Lair of Beasts)

   It inflicts extra damage upon your enemies.
   It affects your resistance to hostile enchantments.
Armour
 i - a +2 pair of boots (worn)
 B - the +9 ring mail of Winter (worn) {Dex+3}
   (You bought it in a shop on level 2 of the Orcish Mines)

   It affects your dexterity (+3).
 J - a +2 pair of gloves (worn)
 N - a +1 helmet (worn)
Jewellery
 b - an uncursed ring of stealth
 m - a +5 ring of strength
 o - an uncursed ring of fire
 v - a +2 ring of slaying (right hand)
 x - a +6 ring of strength (left hand)
 A - an amulet of faith (around neck)
 M - an uncursed ring of magical power
Wands
 j - a wand of enslavement (16)
 r - a wand of paralysis (13)
 y - a wand of iceblast (18)
 F - a wand of disintegration (13)
 G - a wand of acid (11)
 I - a wand of random effects (16)
 P - a wand of polymorph (20)
 S - a wand of flame (29)
 T - a wand of digging (14)
Scrolls
 g - 4 scrolls of blinking
 h - 10 scrolls of teleportation
 q - 4 scrolls of remove curse
 u - 2 scrolls of fear
 D - 2 scrolls of enchant weapon {unknown}
 K - a scroll of torment {unknown}
 O - a scroll of vulnerability {unknown}
 Q - a scroll of fog
Potions
 d - 4 potions of invisibility
 e - 4 potions of heal wounds
 f - 4 potions of resistance
 k - 2 potions of brilliance
 l - 10 potions of curing
 n - 3 potions of might
 p - 4 potions of lignification
 s - a potion of mutation
 t - a potion of berserk rage
 z - a potion of agility
 E - a potion of flight
 H - 2 potions of haste
 L - a potion of ambrosia
Comestibles
 c - 22 rations


   Skills:
 * Level 12.9 Fighting
 + Level 6.4 Long Blades
   Level 7.5(10.5) Maces & Flails
 + Level 11.5(12.3) Staves
 * Level 12.0 Armour
 - Level 1.8 Dodging
 - Level 0.1 Stealth


You had 12 spell levels left.
You didn't know any spells.

Dungeon Overview and Level Annotations

Branches:
Dungeon (12/15)            Temple (0/1) D:6            Lair (3/6) D:8
  Swamp (0/4) Lair:3          Orc (2/2) D:11            Elf (0/3) Orc:2
  Snake: Lair:2-4    Spider: Lair:2-4

Altars:
Ashenzari
Dithmenos
Elyvilon
Kikubaaqudgha
Okawaru
Beogh

Shops:
D:4 (   D:7 *%%   D:11 [   Orc:2 [[%}*[*


Innate Abilities, Weirdness & Mutations

You have sharp toenails.
You are mostly covered in thin metallic scales. (AC +3)
Your flesh is heat resistant. (rF+)
Your demonic aura causes spilled blood to erupt in flames.
When hurt, damage is shared between your health and your magic reserves.
You regenerate magic rapidly.
You are immune to clouds of flame.


Message History

The bolt of electricity hits the electric eel.
The electric eel completely resists.
The bolt of electricity misses you.
The electric eel shoots out a bolt of lightning at you!
The bolt of electricity hits you!
The electric eel shoots out a bolt of lightning at you!
The bolt of electricity misses you.
The electric eel shoots out a bolt of lightning at you!
The bolt of electricity hits the electric eel.
The electric eel completely resists.
The bolt of electricity hits you!
* * * LOW HITPOINT WARNING * * *
The electric eel shoots out a bolt of lightning at you!
The bolt of electricity hits you!
* * * LOW HITPOINT WARNING * * *
You feel much better.
The electric eel shoots out a bolt of lightning at you!
The bolt of electricity hits you!
* * * LOW HITPOINT WARNING * * *
The electric eel shoots out a bolt of lightning at you!
The bolt of electricity hits you!
You die...

♣...# ### ♣..#######
#.##### ## ###
≈♣..#.##.###..##.###.###...
≈♣≈........................
P≈♣...##...................
≈≈≈≈.#####......####.P.##..
≈≈♣≈..# ##......###P.......
≈≈P♣♣## #.......##.........
≈≈♣♣♣ ##......@..§§;§§§§.
≈≈≈≈≈ #.........§;;≈§§§§
≈≈♣≈P#####...####...;§§§≈..
≈≈P♣P#.##....#.###.§≈≈≈≈≈..
≈≈P≈≈.........# ....≈≈≈...
≈≈≈♣♣........## #P.........
≈≈≈♣♣........# #........#.
≈≈≈≈≈........# #.....##.#
P≈≈♣♣##......##


You could see 4 electric eels.

Vanquished Creatures
  A frost giant (IceCv)
  An ettin (Orc:1)
  Harold (D:10)
  2 death yaks (IceCv)
  3 two-headed ogres
  A skeletal warrior (D:11)
  Pikel (D:4)
  An orc knight (Orc:1)
  An ugly thing (D:11)
  12 orc sorcerers
  A manticore (D:11)
  Psyche (D:11)
  4 spiny frogs
  2 black mambas
  A rime drake (Lair:2)
  A freezing wraith (D:12)
  3 komodo dragons
  3 trolls
  17 polar bears
  5 blink frogs (Lair:3)
  4 hippogriffs
  Sigmund (D:4)
  2 wyverns
  A shadow (D:11)
  3 basilisks
  Eustachio (D:5)
  22 yaks
  Edmund (D:3)
  9 wargs
  4 water moccasins
  7 porcupines
  A swamp drake (D:8)
  A hornet zombie (D:7)
  16 orc warriors
  9 ice beasts
  A slave (D:4)
  A black bear (Lair:1)
  An eye of draining (D:11)
  A necrophage (D:7)
  A phantom (D:11)
  21 wolves
  2 sky beasts (D:6)
  14 ogres
  8 centaurs
  10 crocodiles
  11 bullfrogs
  6 water moccasin zombies (Ossuary)
  A wyvern skeleton (D:11)
  3 scorpions
  6 killer bees
  2 howler monkeys (D:11)
  3 vampire bats
  4 electric eels (Lair:3)
  4 centaur zombies
  3 crimson imps
  2 bullfrog zombies (D:9)
  2 quasits
  15 orc priests
  6 jellies
  3 bullfrog skeletons
  A centaur skeleton (D:6)
  2 hounds
  Ijyb (D:8)
  35 orc wizards
  8 worker ants
  A big kobold zombie (Ossuary)
  2 hound zombies
  2 mummies (Ossuary)
  11 gnolls
  2 howler monkey skeletons
  10 adders
  A shadow imp (D:10)
  5 oozes (D:8)
  5 adder zombies (Ossuary)
  An adder skeleton (D:4)
  5 worms
  3 leopard geckos
  88 orcs
  A ball python (D:3)
  11 bats
  3 bat skeletons (D:9)
  2 bat zombies (D:9)
  5 giant cockroaches
  2 goblins (D:2)
  3 hobgoblins
  9 jackals
  2 quokkas
  A ball python skeleton (D:5)
  2 frilled lizards
  A gnoll zombie (Ossuary)
  A hobgoblin zombie (Ossuary)
  A jackal skeleton (D:6)
  9 kobolds
  5 kobold zombies (Ossuary)
  A leopard gecko skeleton (D:4)
  5 orc zombies (Ossuary)
  6 rats
528 creatures vanquished.

Vanquished Creatures (collateral kills)
  A hydra (D:11)
  A tengu warrior (D:11)
  A death knight (D:12)
  An obsidian statue (D:10)
  An orc knight (Orc:1)
  An orc sorcerer (Orc:2)
  A freezing wraith (D:12)
  A troll (Orc:1)
  2 wraiths (D:12)
  2 yaks
  3 orc warriors (Orc:1)
  2 ice beasts (Orc:1)
  2 ogres (Orc:1)
  A killer bee (D:10)
  A bullfrog skeleton (D:11)
  2 orc wizards (Orc:2)
  2 orcs (Orc:1)
25 creatures vanquished.

Vanquished Creatures (others)
  An ice beast (D:4)
  A slave (D:4)
  An orc wizard (Orc:2)
  2 orcs
  A quokka (D:4)
  A frilled lizard (D:4)
7 creatures vanquished.

Grand Total: 560 creatures vanquished

Notes
Turn   | Place    | Note
-------+----------+-------------------------------------------
     0 | D:1      | troglodite the Demonspawn Berserker began the quest for the Orb.
     0 | D:1      | Reached XP level 1. HP: 18/18 MP: 1/1
   350 | D:1      | Gained mutation: Your flesh is heat resistant. (rF+) [demonic ancestry]
   350 | D:1      | Reached XP level 2. HP: 21/24 MP: 2/2
   738 | D:2      | Reached XP level 3. HP: 24/30 MP: 3/3
  1963 | D:3      | Gained mutation: You are partially covered in thin metallic scales. (AC +2) [demonic ancestry]
  1963 | D:3      | Reached XP level 4. HP: 37/37 MP: 4/4
  1967 | D:3      | Reached ** piety under Trog
  2177 | D:3      | Noticed an ogre
  2185 | D:3      | Killed an ogre
  2185 | D:3      | Reached XP level 5. HP: 33/43 MP: 5/5
  2471 | D:4      | Found Liachuosh's Antique Weapon Shoppe.
  2519 | D:4      | Noticed a slave
  2520 | D:4      | Noticed Pikel
  2520 | D:4      | Noticed a slave
  2520 | D:4      | Noticed a slave
  2520 | D:4      | Noticed an ogre
  2526 | D:4      | Noticed a slave
  2542 | D:4      | Killed a slave
  2545 | D:4      | Noticed Edmund
  2552 | D:4      | Killed Pikel
  2552 | D:4      | Reached skill level 5 in Fighting
  2552 | D:4      | Reached skill level 5 in Long Blades
  2552 | D:4      | Gained mutation: You are immune to clouds of flame. [demonic ancestry]
  2552 | D:4      | Reached XP level 6. HP: 15/51 MP: 6/6
  2552 | D:4      | Gained mutation: When hurt, damage is shared between your health and your magic reserves. [demonic ancestry]
  2552 | D:4      | Reached XP level 7. HP: 17/56 MP: 7/7
  2605 | D:3      | Killed Edmund
  3032 | D:4      | Noticed Sigmund
  3050 | D:4      | Killed Sigmund
  3112 | D:4      | Reached skill level 1 in Maces & Flails
  3114 | D:4      | Gained mutation: You regenerate magic rapidly. [demonic ancestry]
  3114 | D:4      | Reached XP level 8. HP: 31/64 MP: 5/8
  3529 | D:5      | Entered Level 5 of the Dungeon
  3623 | D:5      | Noticed Eustachio
  3627 | D:5      | Killed Eustachio
  3657 | D:5      | Noticed Ijyb
  3786 | D:5      | Reached *** piety under Trog
  3890 | D:5      | Reached skill level 5 in Armour
  4529 | D:6      | Paralysed by a gnoll for 7 turns
  4548 | D:6      | Gained mutation: You are mostly covered in thin metallic scales. (AC +3) [demonic ancestry]
  4548 | D:6      | Reached XP level 9. HP: 54/71 MP: 6/9
  4679 | D:6      | Found a sand-covered staircase.
  4691 | Ossuary  | Entered an ossuary
  4692 | Ossuary  | Upgraded the game from 0.21.0-34-g9234887 to 0.21.0-37-g46506fa
  4791 | Ossuary  | Reached **** piety under Trog
  4849 | Ossuary  | Reached skill level 5 in Maces & Flails
  5130 | D:6      | Found a staircase to the Ecumenical Temple.
  5400 | D:7      | Found Qidac's Food Shoppe.
  5470 | D:7      | Found Cewebyso's Assorted Antiques.
  5628 | D:7      | Found an iron altar of Okawaru.
  5634 | D:7      | Found Buukahi's Food Boutique.
  6011 | D:7      | Found a shattered altar of Ashenzari.
  6013 | D:7      | Found a white marble altar of Elyvilon.
  6181 | D:8      | Killed Ijyb
  6234 | D:8      | Reached ***** piety under Trog
  6529 | D:8      | Gained mutation: You have sharp toenails. [demonic ancestry]
  6529 | D:8      | Reached XP level 10. HP: 65/80 MP: 10/10
  6628 | D:8      | Found a staircase to the Lair.
  6790 | D:8      | Found a shadowy altar of Dithmenos.
  6908 | D:8      | Received a gift from Trog
  7705 | D:9      | Reached skill level 1 in Staves
  7731 | D:9      | Noticed a two-headed ogre
  7737 | D:9      | Killed a two-headed ogre
  7869 | D:9      | Found an ancient bone altar of Kikubaaqudgha.
  8030 | D:10     | Entered Level 10 of the Dungeon
  8030 | D:10     | Noticed a two-headed ogre
  8037 | D:10     | Killed a two-headed ogre
  8923 | D:10     | Noticed Harold
  8933 | D:10     | Killed Harold
  8933 | D:10     | Reached XP level 11. HP: 89/89 MP: 11/11
  8942 | D:10     | Noticed an obsidian statue
  9076 | D:10     | Killed an obsidian statue
  9076 | D:10     | Reached skill level 5 in Staves
  9286 | D:11     | Noticed a seven-headed hydra
  9291 | D:11     | Killed a seven-headed hydra
  9320 | D:11     | Noticed a tengu warrior
  9320 | D:11     | Noticed a skeletal warrior
  9341 | D:11     | Killed a skeletal warrior
  9351 | D:11     | Killed a tengu warrior
  9858 | D:11     | Reached skill level 10 in Fighting
  9994 | D:11     | Found a staircase to the Orcish Mines.
 10558 | D:11     | Found Joex's Armour Emporium.
 10631 | D:11     | Noticed Psyche
 10638 | D:11     | Paralysed by Psyche for 7 turns
 10652 | D:11     | Killed Psyche
 10853 | D:11     | Got a slimy ring mail
 10865 | D:11     | Noticed a purple ugly thing
 10879 | D:11     | Killed a purple ugly thing
 10894 | D:11     | Identified the cursed +0 ring mail "Yrrya" {rF+ rC+} (You found it on level 11 of the Dungeon)
 11059 | D:12     | Noticed a death knight
 11067 | D:12     | Killed a death knight
 11335 | Orc:1    | Entered Level 1 of the Orcish Mines
 11335 | Orc:1    | Noticed an orc knight
 11335 | Orc:1    | Noticed an orc sorcerer
 11337 | Orc:1    | Noticed an ettin
 11339 | Orc:1    | Killed an orc sorcerer
 11339 | Orc:1    | Gained mutation: Your demonic aura causes spilled blood to erupt in flames. [demonic ancestry]
 11339 | Orc:1    | Reached XP level 12. HP: 99/99 MP: 12/12
 11347 | Orc:1    | Killed an ettin
 11350 | Orc:1    | Reached skill level 10 in Armour
 11351 | Orc:1    | Received a gift from Trog
 11469 | Orc:1    | Found a frozen archway.
 11502 | Orc:1    | Noticed a two-headed ogre
 11506 | IceCv    | Entered an ice cave
 12024 | IceCv    | Noticed a death yak
 12039 | IceCv    | Killed a death yak
 12400 | IceCv    | Noticed a death yak
 12400 | IceCv    | Noticed a frost giant
 12419 | IceCv    | Killed a frost giant
 12423 | IceCv    | Killed a death yak
 12429 | IceCv    | Reached XP level 13. HP: 96/107 MP: 9/13
 12665 | IceCv    | Got a distressingly furry ring mail
 12697 | Orc:1    | Reached skill level 10 in Staves
 12737 | Orc:1    | Identified the cursed +0 ring mail of the Mackerel {-Tele rF- rC+ Int+4 SInv} (You found it in an ice cave)
 12800 | Orc:1    | Received a gift from Trog
 12801 | Orc:1    | Found the +7 lajatang of Order {silver, rMut}
 13032 | Orc:2    | Entered Level 2 of the Orcish Mines
 13035 | Orc:2    | Found Azat's Assorted Antiques.
 13065 | Orc:2    | Found Xublyvin's Gadget Boutique.
 13164 | Orc:2    | Found Yxzadd's Food Shop.
 13220 | Orc:2    | Found a staircase to the Elven Halls.
 13333 | Orc:2    | Received a gift from Trog
 13816 | Orc:2    | Found Anopn's Armour Emporium.
 13820 | Orc:2    | Reached ****** piety under Trog
 13847 | Orc:2    | Found Uqihonk's Armour Shop.
 13857 | Orc:2    | Received a gift from Trog
 13903 | Orc:2    | Found a roughly hewn altar of Beogh.
 13922 | Orc:2    | Found Qoromiod's General Store.
 13922 | Orc:2    | Found Teusuet's Armour Shop.
 14015 | Orc:2    | Bought the +9 ring mail of Winter {Dex+3} for 1059 gold pieces
 14118 | Orc:2    | Found a roughly hewn altar of Beogh.
 14552 | Orc:2    | Bought an ancient ring mail for 216 gold pieces
 14562 | Orc:2    | Identified the +2 ring mail of Responsibility {rElec rC- Stlth+} (You bought it in a shop on level 2 of the Orcish Mines)
 14866 | Lair:1   | Entered Level 1 of the Lair of Beasts
 16359 | Lair:2   | Received a gift from Trog
 16370 | Lair:2   | Got a faintly glowing rapier {god gift}
 16371 | Lair:2   | Identified the +5 rapier of the Harvest {pierce, MR+} (Trog gifted it to you on level 2 of the Lair of Beasts)
 17844 | Lair:3   | Found a staircase to the Swamp.
 17867 | Lair:3   | HP: 2/109 [electric eel/bolt of electricity (12)]
 17868 | Lair:3   | Killed from afar by an electric eel

Skill      XL: |  1  2  3  4  5  6  7  8  9 10 11 12 13 |
---------------+----------------------------------------+-----
Long Blades    | 3 4 5 6 |  6.4
Armour         | 2 3 4 5 7 8 9 11 12 | 12.0
Fighting       | 4 5 6 8 9 10 11 12 | 12.9
Maces & Flails | 1 4 6 7 |  7.5
Staves         | 4 7 9 11 | 11.5
Dodging        | |  1.8
Stealth        | |  0.1

Action                   |  1- 3 |  4- 6 |  7- 9 | 10-12 | 13-15 || total
-------------------------+-------+-------+-------+-------+-------++-------
Melee: Falchion          |    66 |    55 |     4 |       |       ||   125
       Flail             |       |       |   362 |    49 |       ||   411
       Quarterstaff      |       |       |       |   556 |    42 ||   598
       Lajatang          |       |       |       |       |   309 ||   309
Invok: Berserk           |     2 |     2 |     9 |    15 |     2 ||    30
       Burn Spellbooks   |       |       |     2 |     1 |     3 ||     6
       Brothers in Arms  |       |       |       |    10 |     1 ||    11
  Use: Potion            |       |       |     2 |       |     1 ||     3
       Scroll            |       |       |    18 |     6 |     4 ||    28
  Eat: Chunk             |     1 |     3 |    17 |    23 |    16 ||    60
       Ration            |     1 |       |     2 |     4 |     2 ||     9
Armor: Animal skin       |     9 |     1 |       |       |       ||    10
       Ring mail         |       |    16 |    83 |       |   111 ||   210
       Chain mail        |       |       |   195 |    11 |       ||   206
       Plate armour      |       |       |       |   656 |   137 ||   793
       Skin              |       |       |       |     1 |       ||     1
Dodge: Dodged            |    40 |    21 |   244 |   292 |   166 ||   763
       Rpst.: Falchion   |    11 |     7 |     2 |       |       ||    20
